[ AOE2 MATCH · #505121391 ]
UnrankedSicilians vs Spanish
Player's team · LOSS
Rival team · WIN
[ REPLAY ANALYSIS · EXTRACTED FROM THE RECORDED GAME ]
Feudal
8:54
Castle
—
Imperial
—
| APM avg | 53.1 |
| APM peak | 76 |
| eAPM avg | 17.6 |
| Villagers / military | 23 / 0 |
Focus
⚔️ 33.6% · 🌾 66.4%
Feudal
—
Castle
—
Imperial
—
| APM avg | 54.0 |
| APM peak | 76 |
| eAPM avg | 19.8 |
| Villagers / military | 28 / 0 |
Focus
⚔️ 37.8% · 🌾 62.2%
Match map
Initial resources + every placement click. Lines = walls · curves = elevation contours. ◆ gold · ⬟ stone · ● berries · ✦ relic · ◌ wall gap
Your base
NHN Forever's base
Smoothed initial terrain · ◌ = detected wall gap · hover for details
Inputs per minute
— Solaiman III - - NHN Forever
Build order — Solaiman III
43 actions detected in the replay
| 0:01 | Queue | Villager (Male) |
| 0:02 | Build | House |
| 0:03 | Build | House |
| 0:06 | Queue | Villager (Male) |
| 0:06 | Queue | Villager (Male) |
| 0:06 | Queue | Villager (Male) |
| 1:28 | Queue | Villager (Male) |
| 1:28 | Queue | Villager (Male) |
| 1:58 | Build | Lumber Camp |
| 2:01 | Queue | Villager (Male) |
| 2:23 | Queue | Villager (Male) |
| 2:45 | Queue | Villager (Male) |
| 3:14 | Queue | Villager (Male) |
| 3:23 | Queue | Villager (Male) |
| 3:24 | Queue | Villager (Male) |
| 3:38 | Queue | Villager (Male) |
| 3:38 | Queue | Villager (Male) |
| 3:45 | Build | House |
| 3:52 | Queue | Villager (Male) |
| 3:52 | Queue | Villager (Male) |
| 4:11 | Queue | Villager (Male) |
| 4:11 | Queue | Villager (Male) |
| 5:06 | Queue | Villager (Male) |
| 5:07 | Queue | Villager (Male) |
| 5:08 | Build | Mill |
| 5:11 | Queue | Villager (Male) |
| 5:46 | Research | Loom |
| 6:44 | Research | Feudal Age |
| 6:44 | Research | Feudal Age |
| 7:04 | Build | House |
| 8:24 | Build | Donjon |
| 8:30 | Queue | Villager (Male) |
| 8:42 | Build | Palisade Wall |
| 8:44 | Build | Palisade Wall |
| 8:46 | Build | House |
| 8:50 | Build | Palisade Wall |
| 8:52 | Build | Palisade Wall |
| 8:54 | Age | Feudal Age |
| 9:05 | Build | Palisade Wall |
| 9:17 | Build | Palisade Wall |
| 9:26 | Build | Palisade Wall |
| 9:30 | Build | Palisade Wall |
| 9:35 | Queue | Villager (Male) |
Build order — NHN Forever
37 actions detected in the replay
| 0:02 | Queue | Villager (Male) |
| 0:03 | Queue | Villager (Male) |
| 0:03 | Queue | Villager (Male) |
| 0:05 | Build | House |
| 0:06 | Build | House |
| 0:17 | Queue | Villager (Male) |
| 0:17 | Queue | Villager (Male) |
| 1:25 | Queue | Villager (Male) |
| 1:48 | Build | Lumber Camp |
| 2:02 | Queue | Villager (Male) |
| 2:03 | Queue | Villager (Male) |
| 2:20 | Queue | Villager (Male) |
| 2:45 | Queue | Villager (Male) |
| 2:46 | Queue | Villager (Male) |
| 3:02 | Queue | Villager (Male) |
| 3:02 | Queue | Villager (Male) |
| 3:42 | Queue | Villager (Male) |
| 3:42 | Queue | Villager (Male) |
| 3:58 | Queue | Villager (Male) |
| 3:58 | Queue | Villager (Male) |
| 4:17 | Build | House |
| 4:34 | Queue | Villager (Male) |
| 4:34 | Queue | Villager (Male) |
| 4:40 | Research | Loom |
| 4:54 | Queue | Villager (Male) |
| 4:57 | Build | Mill |
| 5:08 | Queue | Villager (Male) |
| 5:09 | Queue | Villager (Male) |
| 5:35 | Queue | Villager (Male) |
| 5:44 | Queue | Villager (Male) |
| 6:32 | Queue | Villager (Male) |
| 6:53 | Build | House |
| 7:17 | Queue | Villager (Male) |
| 7:23 | Build | Mining Camp |
| 7:49 | Queue | Villager (Male) |
| 7:59 | Queue | Villager (Male) |
| 8:25 | Build | Outpost |
Match timeline
| 8:24 | Solaiman III · first_building Donjon |
| 8:42 | Solaiman III · wall_segment Palisade Wall x1 |
| 8:44 | Solaiman III · wall_segment Palisade Wall x1 |
| 8:50 | Solaiman III · wall_segment Palisade Wall x1 |
| 8:52 | Solaiman III · wall_segment Palisade Wall x1 |
| 8:54 | Solaiman III · age_up feudal |
| 9:05 | Solaiman III · wall_segment Palisade Wall x1 |
| 9:17 | Solaiman III · wall_segment Palisade Wall x1 |
| 9:26 | Solaiman III · wall_segment Palisade Wall x1 |
| 9:30 | Solaiman III · wall_segment Palisade Wall x1 |
| 9:54 | Solaiman III · resign |
[ AI ANALYSIS · 1 CREDIT ]
What really happened in this match?
Wolo.gg analyzes every decision: build order, eco, micro, common mistakes by bracket. Personalized analysis on WhatsApp or Discord in 30 seconds.
Civ guide
Sicilians
Perfil
Jugador #10590084